 Dungeon Crawl Stone Soup version 0.29-a0-96-g93358da72b (webtiles) character file.

Game seed: 14566146452791016823

3973 Murumi the Blocker (level 10, 0/78 (79) HPs)
             Began as a Formicid Fighter on Feb 12, 2022.
             Was a Follower of Okawaru.
             Slain by a troll (6 damage)
             ... on level 8 of the Dungeon.
             The game lasted 00:31:37 (10877 turns).

Murumi the Blocker (Formicid Fighter)              Turns: 10877, Time: 00:31:37

HP:   0/78 (79)     AC: 19    Str: 20    XL:     10   Next: 45%
MP:   13/13         EV:  6    Int: 13    God:    Okawaru [*.....]
Gold: 482           SH:  6    Dex: 10    Spells: 9/9 levels left

rFire   . . .      SeeInvis +   a - +0 long sword
rCold   . . .      Faith    .   c - +0 buckler
rNeg    . . .      Spirit   .   w - +1 plate armour
rPois   .          Reflect  .   (helmet unavailable)
rElec   .          Harm     .   p - +0 cloak
rCorr   .          Rampage  .   (no gloves)
Will    +....                   (no boots)
Stlth   ..........              j - amulet of magic regeneration
HPRegen 0.23/turn               e - +4 ring of slaying
MPRegen 0.53/turn               s - +4 ring of protection

@: lightly drained
A: permanent stasis, dig shafts and tunnels, antennae 3, four strong arms
a: Dig, Shaft Self, Renounce Religion, Heroism


You were on level 8 of the Dungeon.
You worshipped Okawaru.
Okawaru was aware of your devotion.
You visited 2 branches of the dungeon, and saw 10 of its levels.
You also visited: Ossuary.

You collected 482 gold pieces.

Inventory:

Hand Weapons
 a - a +0 long sword (weapon)
 f - a +0 hand crossbow of flaming
Missiles
 g - 36 bolts
 v - a throwing net
Armour
 c - a +0 buckler (worn)
 p - a +0 cloak (worn)
 w - a +1 plate armour (worn)
Jewellery
 e - a +4 ring of slaying (left hand)
 j - an amulet of magic regeneration (around neck)
 s - a +4 ring of protection (right hand)
Wands
 b - a wand of flame (20)
 h - a wand of digging (9)
Scrolls
 d - a scroll of magic mapping
 k - a scroll of fear
 r - 3 scrolls of enchant armour
 x - 2 scrolls of identify
 y - a scroll of holy word
Potions
 i - 3 potions of lignification
 l - a potion of magic
 m - 2 potions of flight
 n - a potion of curing
 o - 2 potions of brilliance
 q - a potion of attraction
 t - 2 potions of might
 u - a potion of invisibility


   Skills:
 + Level 7.2 Fighting
 - Level 6.0 Long Blades
 - Level 6.0 Crossbows
 - Level 7.0 Armour
 - Level 2.0 Dodging
 - Level 9.0 Shields
 - Level 4.0 Invocations
 - Level 3.0 Evocations


You had 9 spell levels left.
You didn't know any spells.
Your spell library contained the following spells:

 Spells                   Type           Power      Damage    Failure   Level
 Beastly Appendage        Tmut           0%         N/A       100%        1
 Freeze                   Ice            0%         1d3       100%        1
 Magic Dart               Conj           0%         1d3       100%        1
 Pain                     Necr           0%         1d4       100%        1
 Sandblast                Erth           0%         2d4       100%        1
 Sting                    Tmut/Pois      0%         1d3       100%        1
 Passwall                 Tmut/Erth      0%         N/A       100%        2
 Poisonous Vapours        Pois/Air       0%         N/A       100%        2
 Wereblood                Tmut           0%         N/A       100%        2
 Frozen Ramparts          Ice            0%         1d2       100%        3
 Mephitic Cloud           Conj/Pois/Air  0%         N/A       100%        3
 Spider Form              Tmut/Pois      0%         N/A       100%        3
 Stone Arrow              Conj/Erth      0%         3d7       100%        3
 Vampiric Draining        Necr           0%         2d6       100%        3
 Hailstorm                Conj/Ice       0%         3d3       100%        4
 Olgreb's Toxic Radiance  Pois           0%         N/A       100%        4
 Petrify                  Tmut/Erth      0%         N/A       100%        4
 Alistair's Intoxication  Tmut/Pois      0%         N/A       100%        5
 Borgnjor's Vile Clutch   Necr/Erth      0%         N/A       100%        5
 Metabolic Englaciation   Hex/Ice        0%         N/A       100%        5
 Eringya's Noxious Bog    Tmut/Pois      0%         N/A       100%        6
 Statue Form              Tmut/Erth      0%         N/A       100%        6
 Animate Skeleton         Necr           Unusable   N/A       N/A         1
 Call Imp                 Summ           Unusable   N/A       N/A         2

Dungeon Overview and Level Annotations

Branches:
Dungeon (9/15)             Temple (1/1) D:7         Ossuary (visited)
   Lair: D:8-11         Orc: D:9-12

Altars:
Ashenzari
Cheibriados
Dithmenos
Elyvilon
Fedhas
Gozag
Hepliaklqana
Kikubaaqudgha
Makhleb
Nemelex Xobeh
Okawaru
Qazlal
Ru
Sif Muna
Trog
Uskayaw
Vehumet
Wu Jian
Xom
Yredelemnul
Zin
The Shining One

Shops:
D:3 =

Annotations:
D:8 1 transporter, fly's ghost, weakling FoDe


Innate Abilities, Weirdness & Mutations

You cannot be hasted, slowed, berserked, paralysed or teleported.
You can dig through walls and to a lower floor.
You have a pair of large antennae on your head. (SInv)
Your four strong arms can wield two-handed weapons with a shield.


Message History

You block the wyvern's attack.
You barely miss the wyvern.
The wyvern is lightly wounded.
The wyvern bites you.
You hit the wyvern but do no damage.
The wyvern is lightly wounded.
The wyvern bites you.
The wyvern bites you but does no damage.
You slash the wyvern!
The wyvern is heavily wounded.
The wyvern bites you. You block the wyvern's attack.
You are too injured to fight recklessly!
You are too injured to fight recklessly!
You are too injured to fight recklessly!
You slash the wyvern!
The wyvern is almost dead.
The wyvern bites you!
You slash the wyvern!
You kill the wyvern!
Okawaru accepts your kill.
You can now gain great but temporary skills.
The troll barely misses you. The troll claws you. x2
Training target 9.0 for Shields reached!
Your Shields skill increases to level 9!
You need to enable at least one skill for training.
You slash the troll!
The troll is moderately wounded.
The troll barely misses you. The troll claws you!
* * * LOW HITPOINT WARNING * * *
The troll claws you.
* * * LOW HITPOINT WARNING * * *
You slash the troll!
The troll is heavily wounded.
The troll bites you!
* * * LOW HITPOINT WARNING * * *
The troll claws you.
* * * LOW HITPOINT WARNING * * *
The troll claws you but does no damage.
You feel better. The troll bites you but does no damage. The troll claws you.
You die...

...#
####.##########.#
#'##### #.# #.....#
......# #.# #.#####
......# #.# #.#
.....<# #.# #.#
#####.# #.# #.# #
#.# #.# #.# # #.#
#.# #.# #####.###.#
#@#
..........######T#
....#............#
###.###########.###
..............†>..#
###.#############.#
###.######### #.#
............# #.#
###.......#.# #.#


You could see a troll.

Vanquished Creatures
  Grinder (D:3)
  2 hornets
  Eustachio (D:5)
  2 steam dragons
  A wyvern (D:8)
  Edmund (D:5)
  Duvessa (D:6)
  An orc warrior (D:6)
  2 water moccasins (D:7)
  5 ogres
  A sky beast (D:6)
  A necrophage (D:4)
  2 black bears
  2 centaurs
  A phantom (D:7)
  2 bullfrogs (D:8)
  A scorpion (D:5)
  2 water moccasin zombies (Ossuary)
  Dowan (D:6)
  A wight (D:7)
  2 jellies
  A centaur skeleton (D:6)
  A gnoll shaman (D:8)
  3 orc priests
  3 hounds (D:5)
  Jessica (D:2)
  Natasha (thrice) (D:2)
  5 iguanas
  Terence (D:3)
  4 orc wizards
  2 mummies (Ossuary)
  2 hound skeletons
  6 adders
  6 gnolls
  5 white imps
  An ufetubus (D:5)
  5 adder zombies (Ossuary)
  A dart slug (D:4)
  18 orcs
  9 ball pythons
  8 endoplasms
  5 giant cockroaches
  3 gnoll zombies (Ossuary)
  6 goblins
  5 hobgoblins
  8 jackals
  9 kobolds
  3 quokkas
  4 bats
  3 frilled lizards
  2 hobgoblin zombies (Ossuary)
  5 kobold zombies (Ossuary)
  4 orc zombies (Ossuary)
  4 rats
179 creatures vanquished.

Notes
Turn   | Place    | Note
-------+----------+-------------------------------------------
     0 | D:1      | Murumi the Formicid Fighter began the quest for the Orb.
     0 | D:1      | Reached XP level 1. HP: 18/18 MP: 1/1
   210 | D:1      | Reached skill level 4 in Shields
   271 | D:1      | Reached XP level 2. HP: 24/24 MP: 2/2
   522 | D:1      | Found a faded altar of an unknown god.
   628 | D:1      | Reached XP level 3. HP: 30/30 MP: 3/3
  1246 | D:2      | Noticed Natasha
  1254 | D:2      | Killed Natasha
  1255 | D:2      | Reached skill level 1 in Dodging
  1255 | D:2      | Reached XP level 4. HP: 32/37 MP: 4/4
  1385 | D:2      | Noticed Jessica
  1399 | D:2      | Killed Jessica
  1400 | D:2      | Reached XP level 5. HP: 23/42 MP: 5/5
  1569 | D:2      | Noticed Natasha
  1578 | D:2      | Killed Natasha
  1582 | D:2      | Noticed Natasha
  1595 | D:2      | Killed Natasha
  1596 | D:2      | Reached skill level 5 in Shields
  1596 | D:2      | Reached skill level 1 in Evocations
  2402 | D:3      | Noticed Terence
  2403 | D:3      | Noticed Grinder
  2413 | D:3      | Killed Terence
  2414 | D:3      | Reached XP level 6. HP: 11/48 MP: 6/6
  2654 | D:3      | Killed Grinder
  2655 | D:3      | Reached skill level 5 in Fighting
  2655 | D:3      | Reached XP level 7. HP: 41/56 MP: 7/7
  2793 | D:3      | Found Quhich's Jewellery Boutique.
  3745 | D:4      | Reached skill level 5 in Armour
  3976 | D:4      | Reached skill level 6 in Shields
  4403 | D:5      | Entered Level 5 of the Dungeon
  4586 | D:4      | Reached XP level 8. HP: 46/62 MP: 8/8
  4712 | D:5      | Reached skill level 7 in Shields
  4737 | D:5      | Found a sand-covered staircase.
  4745 | D:5      | Reached skill level 1 in Crossbows
  4784 | Ossuary  | Entered an ossuary
  5149 | D:5      | Noticed Eustachio
  5178 | D:5      | Killed Eustachio
  5439 | D:5      | Noticed Edmund
  5479 | D:5      | Killed Edmund
  5480 | D:5      | Reached skill level 5 in Long Blades
  5480 | D:5      | Reached XP level 9. HP: 36/69 MP: 9/9
  5841 | D:5      | Reached skill level 5 in Crossbows
  6925 | D:6      | Noticed Duvessa
  6925 | D:6      | Noticed Dowan
  6942 | D:6      | Killed Duvessa
  6953 | D:6      | Killed Dowan
  6954 | D:6      | Reached skill level 8 in Shields
  8450 | D:7      | Reached XP level 10. HP: 61/79 MP: 10/10
  8566 | D:7      | Found a staircase to the Ecumenical Temple.
  8679 | Temple   | Entered the Ecumenical Temple
  8940 | Temple   | Became a worshipper of Warmaster Okawaru
  9224 | D:7      | Reached skill level 1 in Invocations
 10307 | D:8      | Found a transporter.
 10309 | D:8      | Noticed fly's ghost (weakling FoDe)
 10310 | D:8      | Identified the +8 great mace "Hydraslayer" {drain, *Rage
                  | Fly rPois Stlth+}
 10310 | D:8      | Noticed a two-headed ogre
 10432 | D:8      | Found a glowing golden altar of the Shining One.
 10874 | D:8      | Reached * piety under Okawaru
 10875 | D:8      | Reached skill level 9 in Shields
 10876 | D:8      | HP: 3/78 [troll (12)]
 10876 | D:8      | HP: 1/78 [troll (2)]
 10877 | D:8      | Slain by a troll

Illustrated notes

Levels and vault maps discovered:
D:1:      co_arrival_square_in_a_square_in_a_square, layout_basic,
          shapermc_ecumenical_altar_mp_highgroup
D:2:      layout_basic, uniq_natasha, uniq_jessica
D:3:      minmay_diamond_boxcup, layout_loops_ring, serial_shops, shop,
          uniq_grinder, uniq_terence
D:4:      layout_cave_pools
D:5:      nicolae_cairo_tiling_large_dashed, layout_basic, enter_ossuary_5,
          uniq_edmund, uniq_eustachio
D:6:      layout_loops_ring, uniq_duvessa
D:7:      layout_loops_ring, minmay_temple_entry_proselytizer,
          serial_co_window_serial, co_window_paths_a, co_window_paths_a,
          co_window_paths_a, co_window_paths_a, co_window_paths_a,
          co_window_corner_a, co_window_paths_a, co_window_paths_c,
          co_window_unsneaky_path_b, co_window_corner_cb, co_window_corner_b,
          glass_columns_a, minmay_fractal_squares_5
D:8:      layout_basic, tso_altar, gammafunk_ghost_smash
D:9:      layout_cross, minmay_lair_entry_grove, serial_column_ruins,
          column_ruins_hut, column_ruins_temple_circle, column_ruins_open_small,
          column_ruins_grid_2, column_ruins_open_large,
          column_ruins_open_small_water, column_ruins_open_tiny,
          column_ruins_columns_straight, column_ruins_columns_corner,
          uniq_maggie
Temple:   nicolae_temple_the_god_donut

Skill      XL: |  1  2  3  4  5  6  7  8  9 10 |
---------------+-------------------------------+-----
Shields        | 4 5 6 7 8 9 |  9.0
Fighting       | 4 5 6 7 |  7.2
Armour         | 4 5 7 |  7.0
Dodging        | 1 2 |  2.0
Long Blades    | 3 4 5 6 |  6.0
Evocations     | 2 3 |  3.0
Crossbows      | 4 5 6 |  6.0
Invocations    | 4 |  4.0

Action                   |  1- 3 |  4- 6 |  7- 9 | 10-12 || total
-------------------------+-------+-------+-------+-------++-------
Melee: Long sword        |    81 |    77 |   331 |    51 ||   540
 Fire: Hand crossbow     |       |       |    68 |    35 ||   103
 Abil: Dig               |       |       |     1 |     1 ||     2
  Use: Scroll            |       |     4 |    17 |     1 ||    22
       Potion            |       |     2 |     2 |     1 ||     5
Armor: Scale mail        |    43 |    26 |    71 |       ||   140
       Plate armour      |       |       |    48 |    41 ||    89
       Chain mail        |       |       |    14 |       ||    14
Dodge: Dodged            |    54 |    22 |   116 |    16 ||   208
Block: Buckler           |    10 |    14 |    71 |    14 ||   109

Table legend: (Time is in decaauts)
 A = Elapsed time spent in this place.
 B = Non-inter-level travel time spent in this place.
 C = Inter-level travel time spent in this place.
 D = Time resting spent in this place.
 E = Time spent auto-exploring this place.
 F = Levels seen in this place.
 G = Mean time per level.
                   A        B        C        D        E       F      G
               +--------+--------+--------+--------+--------+-----+--------+
         Total |  11024 |  10247 |    777 |   1231 |   7267 |  11 | 1002.2 |
       Dungeon |  10504 |   9757 |    747 |   1231 |   6921 |   9 | 1167.1 |
        Temple |    273 |    244 |     29 |      0 |    228 |   1 |  273.0 |
       Ossuary |    246 |    246 |      0 |      0 |    118 |   1 |  246.0 |
               +--------+--------+--------+--------+--------+-----+--------+

Top non-repeatable levels by time:
     D:7: 1739 daAuts
     D:6: 1603 daAuts
     D:2: 1598 daAuts
     D:5: 1367 daAuts
     D:4: 1127 daAuts
     D:8: 1044 daAuts
     D:3: 1031 daAuts
     D:1: 976 daAuts
  Temple: 273 daAuts
 Ossuary: 246 daAuts
     D:9: 15 daAuts
